 Dungeon Crawl Stone Soup version 0.30.1-11-g7821555f0a (webtiles) character file.

Game seed: 1886183346700925305

2 CaptainMV the Charlatan (level 1, -1/15 HPs)
             Began as a Naga Wanderer on Nov 6, 2023.
             Slain by a quokka (2 damage)
             ... on level 1 of the Dungeon.
             The game lasted 00:03:31 (143 turns).

CaptainMV the Charlatan (Naga Wanderer)              Turns: 143, Time: 00:03:31

Health: -1/15      AC:  1    Str: 12    XL:     1   Next: 40%
Magic:  0/3        EV:  8    Int: 11    God:
Gold:   47         SH:  6    Dex: 13    Spells: 3/4 levels left

rFire   . . .        a - +0 dagger
rCold   . . .        e - +2 buckler
rNeg    . . .        d - +0 leather armour
rPois   +            (no helmet)
rElec   .            (no cloak)
rCorr   .            (no gloves)
SInv    +            (no barding)
Will    .....        (no amulet)
Stlth   ++           (no ring)
HPRegen 0.22/turn    (no ring)
MPRegen 0.08/turn

%: no passive effects
@: very slow
A: AC +0, large, see invisible, deformed body, poison resistance, slowness 2,
spit poison 1, naga tail 1
a: Spit Poison


You were on level 1 of the Dungeon.
You visited 1 branch of the dungeon, and saw 1 of its levels.

You collected 47 gold pieces.

Inventory:

Hand Weapons
 a - a +0 dagger (weapon)
Armour
 d - a +0 leather armour (worn)
 e - a +2 buckler (worn)
Scrolls
 g - a scroll of teleportation
Potions
 f - a potion of heal wounds {unknown}
 h - a potion of attraction {unknown}
Miscellaneous
 b - a piece from Xom's chessboard (15/15)


   Skills:
 + Level 1.5 Stealth
 + Level 2.8 Shields
 + Level 2.0 Spellcasting
 + Level 1.0 Fire Magic
 + Level 3.1 Evocations


You had 3 spell levels left.
You knew the following spells:

 Your Spells              Type           Power      Damage    Failure   Level
a - Foxfire               Conj/Fire      8%         2x1d4     38%         1

Your spell library contained the following spells:

 Spells                   Type           Power      Damage    Failure   Level
 Inner Flame              Hex/Fire       2%         N/A       77%         3


Dungeon Overview and Level Annotations

Branches:
Dungeon (1/15)

Altars:


Innate Abilities, Weirdness & Mutations

Your serpentine skin is tough. (AC +0)
You have supernaturally acute eyesight. (SInv)
Armour fits poorly on your strangely shaped body.
Your system is resistant to poisons. (rPois)
You cover ground very slowly.
You can spit poison.
You have a snake-like lower body.


Message History

Blink to where?
Press: ? - help, Q - select action, (/) - cycle Dir - move target
As you read the scroll of blinking, it crumbles to dust.
Casting: Foxfire (safe; 41% risk of failure)
Confirm with . or Enter, or press ? or * to list all spells.
You miscast Foxfire.
You are very lightly contaminated with residual magic.
Nothing appears to happen.
As you read the scroll of teleportation, it crumbles to dust.
You feel strangely unstable.
Aiming: Spit Poison (3% risk of failure)
Press: ? - help, Shift-Dir - straight line, f - goblin
Aim: a goblin, wielding a +0 club (moderately wounded, 43% to hit)
The splash of poison hits the jackal!
The jackal is poisoned.
You kill the jackal!
The jackal barely misses you.
You hit the jackal but do no damage.
The jackal is almost dead.
You block the jackal's attack.
You hit the jackal.
You kill the jackal!
You barely miss the goblin.
The goblin is moderately wounded.
Your surroundings suddenly seem different.
A frilled lizard and a quokka come into view.
Found a scroll of blinking and 9 gold pieces.
You have got your breath back.
The frilled lizard hisses angrily.
Your magical contamination has completely faded away.
You barely miss the frilled lizard. The frilled lizard bites you.
The quokka closely misses you.
You barely miss the frilled lizard. The frilled lizard bites you.
* * * LOW HITPOINT WARNING * * *
The quokka closely misses you.
Casting: Foxfire (safe; 38% risk of failure)
Confirm with . or Enter, or press ? or * to list all spells.
You conjure some foxfire!
The frilled lizard bites you.
* * * LOW HITPOINT WARNING * * *
The quokka bites you.
You die...

#..##...# .........
...h..... .h.......
######### #..r....
#.......# #.......
#...$...# #.#....#
#..r....##.# #.##.#.#
#..v@l....?....hg...ยง
#..v....####.#...###.
#.......# #hgr...#
#.......# #...###
####.#### #...# #.#
....... #.# .....####
#.# .####.# #. .#


You could see a quokka (ally target) and a frilled lizard.

Vanquished Creatures
  2 jackals (D:1)
2 creatures vanquished.

Vanquished Creatures (others)
  2 foxfires (D:1)
2 creatures vanquished.

Grand Total: 4 creatures vanquished

Notes
Turn   | Place    | Note
-------+----------+-------------------------------------------
     0 | D:1      | CaptainMV the Naga Wanderer began the quest for the Orb.
     0 | D:1      | CaptainMV set off with the following items: a +0 dagger, a
                  | piece from Xom's chessboard (15/15), a scroll of blinking,
                  | a +0 leather armour, a +2 buckler; and the following spell
                  | memorised: Foxfire; and the following spells available to
                  | memorise: Inner Flame.
     0 | D:1      | Reached XP level 1. HP: 15/15 MP: 3/3
   143 | D:1      | Slain by a quokka

Illustrated notes

Levels and vault maps discovered:
D:1:      elethiomel_arrival_infinity_welcomes_careful_drivers,
          layout_loops_ring, serial_shops, shop, shop, grunt_decor_fettered

Action                     || total
---------------------------++-------
  Melee: Dagger            ||     5
   Cast: Foxfire           ||     3
Ability: Spit Poison       ||     1
    Use: Scroll            ||     4
  Dodge: Dodged            ||     4
  Block: Buckler           ||     2
